 Dungeon Crawl Stone Soup version 0.18-a0-1526-gcb34c7c (webtiles) character file.

95 Duffy the Chopper (level 4, -6/33 HPs)
             Began as a Demonspawn Gladiator on Mar 8, 2016.
             Killed from afar by an orc wizard (12 damage)
             ... with a puff of flame
             ... on level 4 of the Dungeon.
             The game lasted 00:03:05 (2880 turns).

Duffy the Chopper (Demonspawn Gladiator)            Turns: 2880, Time: 00:03:06

Health: -6/33      AC: 10    Str: 16    XL:     4   Next: 40%
Magic:  4/4        EV:  7    Int:  9    God:
Gold:   181        SH:  0    Dex: 14    Spells: 0 memorised, 3 levels left

rFire  . . .     SeeInvis .     a - +0 war axe
rCold  . . .     Gourm    .     p - +0 chain mail
rNeg   . . .     Faith    .     (no shield)
rPois  .         Spirit   .     c - +0 helmet
rElec  .         Dismiss  .     t - +0 cloak
rCorr  .         Reflect  .     (no gloves)
SustAt .         Harm     .     (no boots)
MR     .....                    (no amulet)
Stlth  ..........               (no ring)
                                (no ring)

@: slowed, very slow, not resistant to hostile enchantments, extremely
unstealthy
A: hooves 2
a: no special abilities


You were on level 4 of the Dungeon.
You were not hungry.

You visited 1 branch of the dungeon, and saw 4 of its levels.

You collected 181 gold pieces.


Innate Abilities, Weirdness & Mutations

You have hoof-like feet.


   Skills:
 - Level 2.0 Fighting
 + Level 4.7 Axes
 - Level 1.7 Throwing
 - Level 2.6 Dodging


You had 3 spell levels left.
You didn't know any spells.

Inventory:

Hand Weapons
 a - a +0 war axe (weapon)
Missiles
 d - 3 throwing nets
 j - 5 javelins
 q - 8 exploding tomahawks (quivered)
Armour
 b - a +0 leather armour
 c - a +0 helmet (worn)
 n - a +0 ring mail
 p - a +0 chain mail (worn)
 t - a +0 cloak (worn)
Wands
 x - a wand of digging (10/24)
Scrolls
 e - 2 scrolls of magic mapping
 k - a scroll of enchant weapon {unknown}
 l - 2 scrolls of amnesia {unknown}
 m - 5 scrolls of remove curse {unknown}
 r - a scroll of teleportation {unknown}
 u - a scroll of enchant armour {unknown}
 y - a scroll of noise {unknown}
Potions
 g - a potion of might
 i - a potion of flight
 s - 2 potions of degeneration {unknown}
 w - a potion of cancellation
Comestibles
 f - 3 bread rations
 h - a beef jerky
 o - 2 meat rations
 v - 2 chunks of flesh

Dungeon Overview and Level Annotations

Branches:
Dungeon (4/15)
 Temple: D:4-7

Altars:
Kikubaaqudgha

Annotations:
D:3 psellion's ghost, amateur OgIE


Message History

You are too injured to fight recklessly!
You are too injured to fight recklessly!
You hit the orc wizard but do no damage.
You kick the orc wizard, but do no damage.
The orc wizard points at you and mumbles some strange words.
The magic dart hits you! Something hits you but does no damage.
Your chain mail prevents you from hitting the orc wizard.
Your kick misses the orc wizard. You closely miss something.
Something hits you but does no damage.
The orc wizard points at you and mumbles some strange words.
You feel yourself slow down.
The orc throws a tomahawk.
The tomahawk hits you but does no damage.
Something hits you but does no damage.
Your chain mail prevents you from hitting something.
Your kick misses something.
You hit the orc wizard but do no damage.
Something hits you but does no damage. The orc wizard casts a spell at you.
You feel as though you will be slow longer.
The orc throws a tomahawk.
The tomahawk hits you but does no damage.
You hear some strange, mumbled words.
A puff of frost appears from out of thin air!
The puff of frost misses you.
The puff of frost hits the orc wizard.
The orc wizard points at you and mumbles some strange words.
The magic dart hits you!
The orc throws a tomahawk.
The tomahawk closely misses you.
The tomahawk barely misses the orc wizard.
You closely miss something.
You hit the orc wizard but do no damage.
The orc wizard is lightly wounded.
You hear some strange, mumbled words.
A puff of flame appears from out of thin air!
The puff of flame hits you!
You die...

#.... #......##.
#.#.. ##........
##(#.. #..#.###.
#o.# .#####..#.#
##
#.#.##........#.#
#o###.##.###...#.#
#{# ##oo.# #...#.#
.o.
##{##.###..##.# ##
###
#@###......##.# #.
#o.#
###..#.##.###.
##.# #.o.........
#?............###.
#######.##.#### #.
#.##.# #. #.##..
... #.#...# ##..
#...... #..


You could see an orc priest, an orc wizard and an orc.

Action                   |  1- 3 |  4- 6 || total
-------------------------+-------+-------++-------
Melee: War axe           |   118 |    40 ||   158
  Use: Scroll            |     4 |     3 ||     7
  Eat: Chunk             |     3 |     3 ||     6

Notes
Turn   | Place    | Note
--------------------------------------------------------------
     0 | D:1      | Duffy the Demonspawn Gladiator began the quest for the Orb.
     0 | D:1      | Reached XP level 1. HP: 16/16 MP: 1/1
    13 | D:1      | Reached skill level 3 in Axes
    18 | D:1      | Gained mutation: You have large cloven feet. [demonic ancestry]
    18 | D:1      | Reached XP level 2. HP: 9/22 MP: 2/2
  1128 | D:2      | Reached XP level 3. HP: 24/27 MP: 3/3
  1353 | D:2      | Reached skill level 4 in Axes
  1842 | D:2      | Gained mutation: You have hoof-like feet. [demonic ancestry]
  1842 | D:2      | Reached XP level 4. HP: 33/33 MP: 4/4
  1937 | D:2      | Found an ancient bone altar of Kikubaaqudgha.
  2374 | D:3      | Noticed psellion's ghost (amateur OgIE)
  2880 | D:4      | Killed from afar by an orc wizard

Vault maps used:
D:1:      dpeg_arrival_simpleton_c, minmay_cut_off
D:2:      lemuel_crystal_altar, first_bread
D:4:      grunt_temple_overflow_lords_of_destruction, gup_sewer_entry_bowl

Vanquished Creatures
  3 adders
  An ooze
  2 worms
  2 dart slugs
  A giant gecko
  4 giant cockroaches
  6 goblins
  8 hobgoblins
  13 kobolds
  A quokka
  7 bats
  A giant newt
  3 rats
52 creatures vanquished.
